 Dungeon Crawl Stone Soup version 0.30.1-4-g462c640d31 (webtiles) character file.

Game seed: 3285369249795446502

18 lonewolfV2 the Trooper (level 2, 0/24 HPs)
             Began as a Demonspawn Fighter on Aug 25, 2023.
             Killed from afar by Natasha (6 damage)
             ... with a magic dart
             ... on level 2 of the Dungeon.
             The game lasted 00:00:43 (890 turns).

lonewolfV2 the Trooper (Demonspawn Fighter)          Turns: 890, Time: 00:00:43

Health: 0/24       AC:  6    Str: 16    XL:     2   Next: 48%
Magic:  2/2        EV:  8    Int:  9    God:
Gold:   69         SH:  4    Dex: 12    Spells: 1/1 levels left

rFire   . . .        a - +0 war axe
rCold   . . .        c - +0 buckler
rNeg    . . .        b - +0 scale mail
rPois   .            (no helmet)
rElec   .            (no cloak)
rCorr   .            (no gloves)
SInv    .            (no boots)
Will    .....        (no amulet) Stlth
                     (no ring)
HPRegen 0.24/turn    (no ring)
MPRegen 0.08/turn

%: no passive effects
@: no status effects
A: powered by pain 1
a: no special abilities


You were on level 2 of the Dungeon.
You visited 1 branch of the dungeon, and saw 2 of its levels.

You collected 69 gold pieces.

Inventory:

Hand Weapons
 a - a +0 war axe (weapon)
Armour
 b - a +0 scale mail (worn)
 c - a +0 buckler (worn)
Scrolls
 f - a scroll of poison {unknown}
 g - 3 scrolls of identify {unknown}
Potions
 d - a potion of might
 e - a potion of haste {unknown}
 h - a potion of cancellation {unknown}


   Skills:
 + Level 3.4 Fighting
 + Level 1.8 Axes
 + Level 3.0 Armour
 + Level 2.9 Shields


You had one spell level left.
You didn't know any spells.
Your spell library contained the following spells:

 Spells                   Type           Power      Damage    Failure   Level
 Necrotise                Necr           0%         1d4       88%         1
 Vampiric Draining        Necr           0%         2d6       99%         3
 Agony                    Necr           0%         N/A       100%        5


Dungeon Overview and Level Annotations

Branches:
Dungeon (2/15)

Altars:

Annotations:
D:2 Natasha


Innate Abilities, Weirdness & Mutations

You sometimes gain a little power by taking damage.


Message History

Found a sling.
You see here a +0 sling.
g - 3 scrolls labelled WAFASMUDGHA (gained 1)
Found 2 stones.
h - an amethyst potion You now have 52 gold pieces (gained 9).
You now have 69 gold pieces (gained 17).
Found an escape hatch in the floor.
Natasha, Servant of Life and Death comes into view.
Natasha hisses angrily.
Natasha casts a spell at you. The magic dart hits you!
Natasha is nearby!
Natasha is nearby!
Natasha is nearby!
You block Natasha's attack.
You hit Natasha but do no damage. Natasha claws you. x2
You closely miss Natasha. Natasha claws you but does no damage.
You miss Natasha. Natasha claws you but does no damage.
Natasha casts a spell at you. You resist with significant effort.
You hit Natasha but do no damage. Natasha claws you but does no damage.
You hit Natasha.
Natasha is lightly wounded.
Natasha barely misses you. Natasha claws you.
You closely miss Natasha.
Natasha is lightly wounded.
Natasha claws you.
* * * LOW HITPOINT WARNING * * *
You miss Natasha.
Natasha is lightly wounded.
Natasha claws you but does no damage. You block Natasha's attack.
You hit Natasha.
Natasha is moderately wounded.
Natasha claws you but does no damage.
You closely miss Natasha.
Natasha is moderately wounded.
Natasha stares at you and mumbles some strange words.
The magic dart hits you.
You die...

#####.# #.......# #.#
#........ #.# #+#
#..#.##.... #.# #.#
#..#.. .... #.# #.#
#..### ...
#####.#####.# ##.....
#........##.###....#
#........##.##.>...##
#.............@.....#
#........##.##h$..#.#
#........##.##....#
#........##.##....#
#........##.#####...
#..(.....##.. ....
#........#### ....
########## ....


You could see Natasha.

Vanquished Creatures
  A ball python (D:1)
  3 endoplasms (D:1)
  A giant cockroach (D:1)
  2 goblins (D:1)
  A hobgoblin (D:1)
  3 quokkas (D:1)
  2 frilled lizards (D:1)
  A kobold (D:1)
  A rat (D:2)
15 creatures vanquished.

Notes
Turn   | Place    | Note
-------+----------+-------------------------------------------
     0 | D:1      | lonewolfV2 the Demonspawn Fighter began the quest for the
                  | Orb.
     0 | D:1      | Reached XP level 1. HP: 18/18 MP: 1/1
   333 | D:1      | Gained mutation: You sometimes gain a little power by
                  | taking damage. [demonic ancestry]
   333 | D:1      | Reached XP level 2. HP: 18/24 MP: 2/2
   878 | D:2      | Noticed Natasha
   890 | D:2      | Killed from afar by Natasha

Illustrated notes

Levels and vault maps discovered:
D:1:      evilmike_arrival_crescent, layout_rooms, wad_floor_pattern_1
D:2:      cheibrodos_pilgrimage, layout_basic, uniq_sigmund, uniq_natasha

Skill      XL: |  1  2 |
---------------+-------+-----
Armour         | 3 |  3.0
Fighting       | |  3.4
Axes           | |  1.8
Shields        | |  2.9

Action                     || total
---------------------------++-------
  Melee: War axe           ||    44
 Armour: Scale mail        ||    14
  Dodge: Dodged            ||    19
  Block: Buckler           ||     9
